 Dungeon Crawl Stone Soup version 0.21.1-1-g345015fe64 (webtiles) character file.

105 Henning the Chopper (level 4, -2/41 HPs)
             Began as a Minotaur Berserker on June 14, 2018.
             Was a Believer of Trog.
             Slain by Grinder (4 damage)
             ... on level 4 of the Dungeon.
             The game lasted 00:03:00 (1340 turns).

Henning the Chopper (Minotaur Berserker)            Turns: 1340, Time: 00:03:01

Health: -2/41      AC:  3    Str: 22    XL:     4   Next: 53%
Magic:  3/3        EV:  7    Int:  4    God:    Trog [**....]
Gold:   47         SH: 12    Dex: 10    Spells: 3/3 levels left

rFire    . . .     SeeInvis .   a - +0 hand axe
rCold    . . .     Gourm    .   h - +0 large shield
rNeg     . . .     Faith    .   l - +0 leather armour
rPois    .         Spirit   .   (helmet restricted)
rElec    .         Reflect  .   (no cloak)
rCorr    .         Harm     .   (no gloves)
MR       ++...                  (no boots)
Stlth    +.........             (no amulet)
HPRegen  1.13/turn              (no ring)
MPRegen  0.08/turn              (no ring)

@: berserk cooldown, regenerating, slowed, very slow
A: retaliatory headbutt, horns 2
a: Berserk, Trog's Hand, Burn Spellbooks, Renounce Religion


You were on level 4 of the Dungeon.
You worshipped Trog.
Trog was pleased with you.
You were near starving.

You visited 1 branch of the dungeon, and saw 3 of its levels.

You collected 47 gold pieces.

Inventory:

Hand Weapons
 a - a +0 hand axe (weapon)
Armour
 h - a +0 large shield (worn)
 l - a +0 leather armour (worn)
Scrolls
 b - a scroll of remove curse {unknown}
 d - a scroll of magic mapping {unknown}
 e - a scroll of teleportation {unknown}
 i - a scroll of identify {unknown}
 j - a scroll of enchant weapon {unknown}
Potions
 f - a potion of haste {unknown}
 g - a potion of brilliance {unknown}
 k - a potion of curing {unknown}
Comestibles
 c - 3 rations


   Skills:
 + Level 4.6 Fighting
 + Level 5.0 Axes
 + Level 2.7 Armour
 + Level 2.8 Dodging
 + Level 0.4 Stealth
 + Level 0.7 Shields


You had 3 spell levels left.
You didn't know any spells.

Dungeon Overview and Level Annotations

Branches:
Dungeon (2/15)

Altars:
Dithmenos
Fedhas
Ru
Sif Muna
Zin

Annotations:
D:4 Grinder


Innate Abilities, Weirdness & Mutations

You reflexively headbutt those who attack you in melee.
You have a pair of horns on your head.


Message History

Grinder is severely wounded.
Grinder hits you.
* * * LOW HITPOINT WARNING * * *
Grinder blinks!
Grinder drinks a potion.
Grinder is healed!
You are too injured to fight recklessly!
You are too injured to fight recklessly!
Grinder says, "Mostly I couldn't keep them alive."
You barely miss Grinder. Your headbutt misses Grinder.
Grinder is lightly wounded.
Grinder hits you!
* * * LOW HITPOINT WARNING * * *
Grinder says, "Don't move a muscle."
You block Grinder's attack.
You hit Grinder but do no damage.
Grinder is lightly wounded.
Grinder hits you.
* * * LOW HITPOINT WARNING * * *
You writhe in agony.
You die...

###############
### ..# ##.##
#...#
#...######
#......... #
##..# #.#..@#
### #.#.#.5...#
#.†.##..)##
###†# $..##.
#.##......
##########
#.../.####
.........#
#.$...#
.#######.#
#.##### ...#
#.#####.#


You could see Grinder.

Vanquished Creatures
  A worker ant (D:4)
  A howler monkey skeleton (D:4)
  2 adders (D:4)
  A worm (D:4)
  2 dart slugs
  2 leopard geckos (D:4)
  A ball python (D:4)
  7 bats
  2 goblins (D:1)
  6 hobgoblins
  4 jackals (D:1)
  3 kobolds (D:1)
  2 quokkas (D:4)
  5 frilled lizards
  A leopard gecko skeleton (D:4)
  A quokka skeleton (D:2)
  2 rats
43 creatures vanquished.

Notes
Turn   | Place    | Note
-------+----------+-------------------------------------------
     0 | D:1      | Henning the Minotaur Berserker began the quest for the Orb.
     0 | D:1      | Reached XP level 1. HP: 19/19 MP: 0/0
    65 | D:1      | Reached skill level 4 in Axes
    74 | D:1      | Reached XP level 2. HP: 16/27 MP: 1/1
   427 | D:1      | Reached XP level 3. HP: 34/34 MP: 2/2
   710 | D:2      | You fall through a shaft for 2 floors!
   756 | D:4      | Found a shadowy altar of Dithmenos.
   756 | D:4      | Found a blossoming altar of Fedhas.
   762 | D:4      | Found a sacrificial altar of Ru.
   764 | D:4      | Found a deep blue altar of Sif Muna.
   766 | D:4      | Found a glowing silver altar of Zin.
   768 | D:4      | Reached ** piety under Trog
   925 | D:4      | Reached XP level 4. HP: 24/41 MP: 3/3
  1309 | D:4      | Noticed Grinder
  1312 | D:4      | Reached skill level 5 in Axes
  1317 | D:4      | Paralysed by Grinder for 6 turns
  1326 | D:4      | Paralysed by Grinder for 3 turns
  1340 | D:4      | HP: 2/41 [Grinder (4)]
  1340 | D:4      | Slain by Grinder

Skill      XL: |  1  2  3  4 |
---------------+-------------+-----
Axes           | 4 5 |  5.0
Fighting       | 4 |  4.6
Armour         | |  2.7
Dodging        | |  2.8
Stealth        | |  0.4
Shields        | |  0.7

Action                   |  1- 3 |  4- 6 || total
-------------------------+-------+-------++-------
Melee: Hand axe          |    85 |    13 ||    98
       Headbutt          |    16 |     2 ||    18
Invok: Berserk           |       |     1 ||     1
       Trog's Hand       |       |     1 ||     1
 Stab: Sleeping          |     1 |       ||     1
  Eat: Chunk             |       |     1 ||     1
Armor: Animal skin       |    11 |       ||    11
       Leather armour    |     2 |     3 ||     5
Dodge: Dodged            |    42 |     1 ||    43
Block: Large shield      |    26 |     5 ||    31
